 Dungeon Crawl Stone Soup version 0.28-a0-883-gc8d7bad45d (webtiles) character file.

Game seed: 13292219646254675207

114 mandarbmax the Skirmisher (level 4, -11/37 HPs)
             Began as a Demonspawn Monk on Nov 21, 2021.
             Killed from afar by Ijyb (29 damage)
             ... with a bolt of acid
             ... on level 4 of the Dungeon.
             The game lasted 00:06:15 (4421 turns).

mandarbmax the Skirmisher (Demonspawn Monk)         Turns: 4421, Time: 00:06:16

Health: -11/37     AC:  3    Str: 12    XL:     4   Next: 66%
Magic:  4/4        EV: 13    Int: 12    God:
Gold:   78         SH:  0    Dex: 15    Spells: 3/3 levels left

rFire   + . .      SeeInvis .   a - +0 mace
rCold   + . .      Faith    .   (no shield)
rNeg    . . .      Spirit   .   b - +0 robe
rPois   .          Reflect  .   l - +1 hat
rElec   .          Harm     .   e - scarf {rC+ rF+}
rCorr   .          Rampage  .   (no gloves)
Will    .....                   (no boots)
Stlth   ++........              (no amulet)
HPRegen 0.12/turn               n - +4 ring of protection
MPRegen 0.09/turn               (no ring)

@: corroded
A: powered by pain 1
a: no special abilities


You were on level 4 of the Dungeon.
You visited 1 branch of the dungeon, and saw 4 of its levels.

You collected 78 gold pieces.

Inventory:

Hand Weapons
 a - a +0 mace (weapon)
Missiles
 g - 9 arrows
Armour
 b - a +0 robe (worn)
 e - a scarf of resistance (worn)
 l - a +1 hat (worn)
Jewellery
 n - a +4 ring of protection (left hand)
Wands
 r - a wand of paralysis (6)
Scrolls
 f - 2 scrolls of immolation
 j - a scroll of teleportation
 k - 2 scrolls of fear
 o - a scroll of noise {unknown}
 p - a scroll of enchant armour {unknown}
 q - a scroll of acquirement {unknown}
Potions
 c - a potion of berserk rage
 d - a potion of might
 h - a potion of attraction {unknown}
 i - a potion of haste
 m - a potion of heal wounds


   Skills:
 + Level 3.7 Fighting
 + Level 3.4 Maces & Flails
 + Level 3.3 Dodging
 + Level 2.8 Stealth


You had 3 spell levels left.
You didn't know any spells.
Your spell library contained the following spells:

 Spells                   Type           Power      Damage    Failure   Level
 Conjure Flame            Conj/Fire      0%         6-21      69%         3
 Ignite Poison            Fire/Tmut/Pois 0%         N/A       69%         3
 Sticky Flame             Conj/Fire      0%         2d3       97%         4


Dungeon Overview and Level Annotations

Branches:
Dungeon (4/15)
 Temple: D:4-7

Altars:
Ashenzari
Dithmenos

Shops:
D:3 :

Annotations:
D:2 Sigmund
D:4 Ijyb


Innate Abilities, Weirdness & Mutations

You sometimes gain a little power by taking damage.


Message History

You closely miss Ijyb.
Ijyb is moderately wounded.
Ijyb hits you but does no damage.
You miss Ijyb.
Ijyb is moderately wounded.
Ijyb hits you but does no damage.
You hit Ijyb.
Ijyb is heavily wounded.
Ijyb screams, "You nasty!
Big nasty!"
Ijyb closely misses you.
You closely miss Ijyb.
Ijyb is heavily wounded.
Ijyb hits you with a +0 dagger.
You hit Ijyb but do no damage.
Ijyb is heavily wounded.
Ijyb hits you with a +0 dagger. Ijyb closely misses you.
You hit Ijyb but do no damage.
Ijyb is heavily wounded.
Ijyb hits you with a +0 dagger.
You closely miss Ijyb.
Ijyb is heavily wounded.
Ijyb screams, "Get away!"
Ijyb misses you.
You barely miss Ijyb.
Ijyb is heavily wounded.
Ijyb zaps a wand.
The bolt of acid hits you!!
Ouch! That really hurt!
* * * LOW HITPOINT WARNING * * *
The acid corrodes you!
You are too injured to fight recklessly!
You are too injured to fight recklessly!
Okay, then.
Okay, then.
It was a potion of heal wounds.
You feel much better.
Ijyb zaps a wand.
The bolt of acid hits you!
There is an open door, spattered with blood here.
You close the door.
Ijyb zaps a wand.
The bolt of acid hits you!!
Ouch! That really hurt!
You die...

.. ...................#
#..[.......##.#####.##
#.##................#
... ...............>.#
.. .........########.#
#.##..#.# #<..# .
#.##..### ###.#
##.####.##..##########.#
......(.g..@...........#
#......##..##########.#
#......+...# ####'##
........##.## #.....#
##..(...##.# #.....#
#..######.# #.....# #..
#.# #.....# #. ..#
####### # ###


You could see Ijyb.

Vanquished Creatures
  A bullfrog skeleton (D:4)
  A howler monkey skeleton (D:3)
  An adder (D:2)
  3 worms (D:2)
  2 dart slugs
  An endoplasm (D:2)
  A giant cockroach (D:3)
  5 hobgoblins
  4 jackals
  5 quokkas
  4 ball pythons (D:2)
  5 bats
  6 frilled lizards
  5 goblins
  5 kobolds
  8 rats
57 creatures vanquished.

Notes
Turn   | Place    | Note
-------+----------+-------------------------------------------
     0 | D:1      | mandarbmax the Demonspawn Monk began the quest for the Orb.
     0 | D:1      | Reached XP level 1. HP: 18/18 MP: 1/1
   159 | D:1      | Gained mutation: You sometimes gain a little power by
                  | taking damage. [demonic ancestry]
   159 | D:1      | Reached XP level 2. HP: 10/24 MP: 2/2
  1428 | D:2      | Noticed Sigmund
  1429 | D:2      | HP: 1/24 [something/magic dart (6)]
  1433 | D:1      | Reached XP level 3. HP: 2/29 MP: 3/3
  2917 | D:2      | Found a faded altar of an unknown god.
  3255 | D:2      | Reached XP level 4. HP: 19/35 MP: 4/4
  3593 | D:3      | Found a broken altar of Ashenzari.
  4026 | D:3      | Found Gamozxol's Book Shop.
  4065 | D:3      | Found a shadowy altar of Dithmenos.
  4400 | D:4      | Noticed Ijyb
  4421 | D:4      | Killed from afar by Ijyb

Illustrated notes

Levels and vault maps discovered:
D:1:      saegor_arrival_simple_a, layout_rooms, kennysheep_pointless_box
D:2:      layout_rooms, hellmonk_ecumenical_altar_blasted, uniq_sigmund
D:3:      layout_loops_cross, nicolae_dithmenos_the_darkroom, ashenzari_altar_1,
          serial_shops, nicolae_shop_waterfront
D:4:      layout_basic, serial_park_tiny_2, uniq_ijyb, uniq_robin

Skill      XL: |  1  2 |
---------------+-------+-----
Stealth        | 2 |  2.8
Dodging        | 3 |  3.3
Maces & Flails | 3 |  3.4
Fighting       | |  3.7

Action                   |  1- 3 |  4- 6 || total
-------------------------+-------+-------++-------
Melee: Mace              |   184 |    43 ||   227
  Use: Scroll            |     1 |     3 ||     4
       Potion            |       |     1 ||     1
 Stab: Sleeping          |     7 |     1 ||     8
Armor: Robe              |    50 |    16 ||    66
Dodge: Dodged            |   163 |    22 ||   185

Table legend: (Time is in decaauts)
 A = Elapsed time spent in this place.
 B = Non-inter-level travel time spent in this place.
 C = Inter-level travel time spent in this place.
 D = Time resting spent in this place.
 E = Time spent auto-exploring this place.
 F = Levels seen in this place.
 G = Mean time per level.
                   A        B        C        D        E       F      G
               +--------+--------+--------+--------+--------+-----+--------+
         Total |   4487 |   4327 |    160 |   1860 |   1727 |   4 | 1121.8 |
       Dungeon |   4487 |   4327 |    160 |   1860 |   1727 |   4 | 1121.8 |
               +--------+--------+--------+--------+--------+-----+--------+

Top non-repeatable levels by time:
     D:1: 2205 daAuts
     D:2: 1111 daAuts
     D:3: 1027 daAuts
     D:4: 142 daAuts
